 Dungeon Crawl Stone Soup version 0.18.1-50-g88ac8fd (webtiles) character file.

86385 Monkfish the Imperceptible (level 16, -1/97 HPs)
             Began as a Kobold Berserker on Oct 23, 2016.
             Was a High Priest of Trog.
             Killed from afar by a hell hog (13 damage)
             ... with a fireball
             ... on level 2 of the Abyss.
             The game lasted 01:17:48 (23459 turns).

Monkfish the Imperceptible (Kobold Berserker)      Turns: 23459, Time: 01:17:49

Health: -1/97      AC: 19    Str: 20    XL:     16   Next: 34%
Magic:  22/22      EV: 29    Int: 12    God:    Trog [*****.]
Gold:   1709       SH:  0    Dex: 21    Spells: 0 memorised, 15 levels left

rFire  + . .     SeeInvis .     R - +6 double sword "Siw Pacsovi" {freeze, Str+3}
rCold  + . .     Gourm    .     K - +1 scale mail of Supple Strength {rN+ Int+7}
rNeg   + + .     Faith    .     (shield currently unavailable)
rPois  +         Spirit   .     J - +2 helmet
rElec  +         Dismiss  .     W - +2 cloak of Hospitality {Stlth+}
rCorr  +         Reflect  .     t - +2 pair of gloves
SustAt .         Harm     .     d - +2 pair of boots
MR     ++...                    (no amulet)
Stlth  +++++++++.               a - ring of positive energy
                                F - ring of Suutanti {+Blink MR- EV+2 Slay+5}

@: resistant, regenerating, very resistant to hostile enchantments, incredibly
stealthy
A: talons 1, carnivore 3
a: Berserk, Trog's Hand, Brothers in Arms, Burn Spellbooks, Renounce Religion,
Evoke Blink


You were on level 2 of the Abyss.
You worshipped Trog.
Trog was extremely pleased with you.
You were full.

You visited 2 branches of the dungeon, and saw 20 of its levels.
You visited the Abyss 1 time.
You also visited: Sewer and Bailey.

You collected 1709 gold pieces.

Inventory:

Hand Weapons
 r - a +1 dagger of flaming
 R - the +6 double sword "Siw Pacsovi" (weapon) {freeze, Str+3}
   (Trog gifted it to you on level 5 of the Lair of Beasts)

   It has been specially enchanted to freeze those struck by it, causing extra
   injury to most foes and up to half again as much damage against particularly
   susceptible opponents.
   It can also slow down cold-blooded creatures.
   It affects your strength (+3).
Armour
 d - a +2 pair of boots (worn)
 t - a +2 pair of gloves (worn)
 J - a +2 helmet (worn)
 K - the +1 scale mail of Supple Strength (worn) {rN+ Int+7}
   (You found it on level 1 of the Lair of Beasts)

   It affects your intelligence (+7).
   It protects you from negative energy.
 W - the +2 cloak of Hospitality (worn) {Stlth+}
   (You found it on level 7 of the Lair of Beasts)

   It makes you more stealthy.
Jewellery
 a - a ring of positive energy (right hand)
 e - an uncursed ring of stealth
 l - an uncursed ring of protection from fire
 p - an uncursed ring of sustain attributes
 u - an uncursed ring of poison resistance
 y - an uncursed ring of resist corrosion
 F - the ring of Suutanti (left hand) {+Blink MR- EV+2 Slay+5}
   (You found it on level 2 of the Lair of Beasts)

   [ring of evasion]

   It affects your evasion (+2).
   It affects your accuracy and damage with ranged weapons and melee attacks
   (+5).
   It affects your resistance to hostile enchantments.
   It lets you blink.
 N - an uncursed ring of protection from cold
Wands
 j - a wand of slowing (21/48)
 q - a wand of flame (41/48)
 A - a wand of teleportation (7/9)
 D - a wand of confusion (7/48)
 O - a wand of disintegration (22/24)
 S - a wand of acid (10/15)
Scrolls
 f - 8 scrolls of remove curse
 g - 2 scrolls of identify
 k - 10 scrolls of teleportation
 o - a scroll of holy word
 v - 5 scrolls of magic mapping
 w - a scroll of enchant armour
 L - 3 scrolls of blinking
 Q - 2 scrolls of enchant weapon
 U - a scroll of fear
 X - a scroll of brand weapon
 Z - a scroll of immolation
Potions
 b - 2 potions of agility
 c - a potion of cure mutation
 z - 3 potions of haste
 B - 2 potions of magic
 H - a potion of resistance
 M - a potion of flight
 V - a potion of berserk rage
Comestibles
 s - 8 slices of pizza
 x - 4 meat rations
 G - 4 beef jerkies


   Skills:
 - Level 10.0 Fighting
 - Level 10.0(12.0) Short Blades
 * Level 7.2(8.4) Long Blades
 - Level 1.5 Armour
 * Level 16.6 Dodging
 + Level 22.5 Stealth
 + Level 8.3 Evocations


You had 15 spell levels left.
You didn't know any spells.

Dungeon Overview and Level Annotations

Branches:
Dungeon (12/15)            Temple (0/1) D:7            Lair (8/8) D:10
  Swamp (0/4) Lair:6       Spider (0/4) Lair:4          Orc (0/2) D:10
  Slime: Lair:6-8

Altars:
Ashenzari
Cheibriados
Elyvilon
Fedhas
Gozag
Makhleb
Pakellas
Qazlal
Ru
Sif Muna
Trog
Yredelemnul

Annotations:
D:8 exclusion: 2 doors
D:9 exclusion: moth of wrath
D:10 exclusions: door and 1 more exclusion
D:11 exclusion: 4 wraiths, Josephine
D:12 Kirke
Lair:6 exclusion: 3 oklob plants


Innate Abilities, Weirdness & Mutations

You are small and have problems with some larger weapons.
You are carnivorous and can eat meat at any time.
You have sharp toenails.


Message History

* * * LOW HITPOINT WARNING * * *
The fireball engulfs the hell hog.
The hell hog resists.
Drink which item? (? for menu, Esc to quit)
Okay, then.
Press: ? - help, v - describe, . - travel
Here: a hell hog (almost dead, catching its breath)
An open door.
Unknown command.
Evoke which item? (* to show all) (? for menu, Esc to quit)
Zapping:
O - a wand of disintegration (23/24)
Press: ? - help, Shift-Dir - straight line, f - hell hog
Aim: a hell hog (almost dead, catching its breath, chance to defeat MR: 71%)
The hell hog struggles to resist.
This wand has 22 charges left.
The hell hog closely misses you.
You closely miss the hell hog.
The hell hog is almost dead.
The hell hog completely misses you. The hell hog breathes fire at you.
The fireball explodes!
The fireball engulfs you! You resist.
You die...

.# ##+ .#
# . .
##+#### #
.5 #.....#
##.. ..
...####
#.....+ ..
# #.. ...
...
#.....###
# # .....
####.....#
......
#.5h.....#
# #....5
.##@....#
......#
######+##
. #+###.
#. .. .. #
. ##


You could see a hell hog and an iron imp.

Vanquished Creatures
  A tentacled starspawn (Abyss:2)
  Maud (D:11)
  The ghost of Nahar the Peltast, a journeyman GrFi of Makhleb (Lair:8)
  Harold (D:12)
  9 hydras
  A catoblepas (Lair:6)
  6 death yaks
  Urug (Lair:1)
  Sonja (D:11)
  2 hill giants
  2 wolf spiders (Lair:4)
  An ugly thing (D:11)
  3 deep elf magi
  A manticore (D:12)
  A sixfirhy (Abyss:2)
  22 elephants
  2 black mambas (Lair:8)
  A gargoyle (D:11)
  2 smoke demons (Abyss:2)
  A torpor snail (Lair:5)
  2 large abominations (Abyss:2)
  An orange demon (Abyss:2)
  25 spiny frogs
  10 komodo dragons
  A kobold demonologist (D:12)
  A rime drake (Lair:7)
  An ancient zyme (Abyss:2)
  3 trolls
  2 jumping spiders (Lair:4)
  2 polar bears
  6 giant leeches (Lair:8)
  22 blink frogs
  A boulder beetle (Lair:7)
  39 yaks
  3 wraiths
  A ynoxinul (Abyss:2)
  A redback (Lair:4)
  8 hippogriffs
  3 hogs (D:12)
  3 wyverns
  8 vampire mosquitoes
  A hungry ghost (D:7)
  Edmund (D:6)
  12 water moccasins
  A hell hound (D:10)
  17 porcupines
  A swamp drake (Lair:6)
  A black bear (D:7)
  5 orc warriors
  2 ice beasts
  2 sky beasts
  3 phantoms
  3 eyes of draining
  8 ogres
  6 centaurs
  37 wolves
  17 crocodiles
  The ghost of Monkfish the Cutter, an amateur KoBe of Trog (D:3)
  10 big kobolds
  A wyvern zombie (D:8)
  34 giant frogs
  2 scorpions
  13 killer bees
  6 electric eels
  8 howler monkeys
  8 crimson imps
  2 quasits
  A centaur zombie (D:8)
  5 hounds
  A jelly (D:6)
  A centaur skeleton (D:6)
  5 orc priests
  2 giant frog skeletons
  7 iguanas
  Ijyb (D:2)
  2 small abominations (Abyss:2)
  Jessica (D:2)
  Natasha (thrice) (D:2 D:4)
  4 orc wizards
  6 hell rats (Lair:6)
  10 worker ants
  A killer bee zombie (D:8)
  23 sheep
  A hound zombie (D:7)
  2 hound skeletons
  3 worker ant zombies
  11 gnolls
  35 river rats
  15 adders
  A naga simulacrum (Abyss:2)
  3 oozes (Sewer)
  2 adder zombies
  2 adder skeletons
  6 worms
  3 dart slugs
  4 giant geckos
  34 orcs
  5 ball pythons
  8 bats
  3 giant cockroaches
  10 goblins
  10 hobgoblins
  5 jackals
  4 quokkas
  A ball python zombie (D:6)
  A giant gecko skeleton (D:6)
  A giant gecko zombie (D:8)
  2 giant newts
  A jackal skeleton (D:8)
  21 kobolds
  A quokka skeleton (D:9)
  10 rats
  A fungus (Lair:1)
  A plant (Lair:1)
  2 starspawn tentacles (Abyss:2)
687 creatures vanquished.

Vanquished Creatures (collateral kills)
  An orc warlord (Bailey)
  The ghost of lorenzova the Eclecticist, a journeyman DECj of Sif Muna (Lair:8)
  3 death yaks
  2 hell hogs (Abyss:2)
  A spiny frog (Lair:8)
  4 blink frogs (Lair:8)
  11 yaks
  A vampire mosquito (Lair:8)
  A crocodile (Lair:8)
  3 giant frogs (Lair:8)
  An iron imp (Abyss:2)
  A goblin (Bailey)
30 creatures vanquished.

Vanquished Creatures (others)
  A water moccasin (Lair:7)
  A hell rat (Lair:6)
  An adder (D:12)
  66 fungi
  69 plants
  3 starspawn tentacles (Abyss:2)
  84 starspawn tentacle segments (Abyss:2)
225 creatures vanquished.

Grand Total: 942 creatures vanquished

Notes
Turn   | Place    | Note
--------------------------------------------------------------
     0 | D:1      | Monkfish the Kobold Berserker began the quest for the Orb.
     0 | D:1      | Reached XP level 1. HP: 14/14 MP: 1/1
    97 | D:1      | Reached skill level 1 in Stealth
    97 | D:1      | Reached XP level 2. HP: 16/19 MP: 2/2
   704 | D:2      | Reached XP level 3. HP: 23/23 MP: 3/3
   732 | D:2      | Reached skill level 2 in Stealth
   785 | D:2      | Found a stormy altar of Qazlal.
   800 | D:2      | Reached ** piety under Trog
   811 | D:2      | Noticed Jessica
   823 | D:2      | Killed Jessica
   823 | D:2      | Reached skill level 5 in Short Blades
   823 | D:2      | Reached XP level 4. HP: 29/29 MP: 4/4
   878 | D:2      | Found a shattered altar of Ashenzari.
   999 | D:2      | Noticed Ijyb
  1007 | D:2      | Killed Ijyb
  1007 | D:2      | Reached skill level 3 in Stealth
  1033 | D:2      | Reached XP level 5. HP: 33/33 MP: 5/5
  1438 | D:2      | Found a burning altar of Makhleb.
  1544 | D:2      | Noticed Natasha
  1558 | D:2      | Killed Natasha
  1558 | D:2      | Reached skill level 4 in Stealth
  1669 | D:3      | Noticed Monkfish's ghost (amateur KoBe)
  1680 | D:3      | Killed Monkfish's ghost
  1680 | D:3      | Reached skill level 5 in Stealth
  1680 | D:3      | Reached XP level 6. HP: 39/39 MP: 6/6
  1756 | D:3      | Reached skill level 6 in Stealth
  2124 | D:4      | Found a blossoming altar of Fedhas.
  2163 | D:4      | Reached XP level 7. HP: 44/44 MP: 7/7
  2169 | D:4      | Noticed Natasha
  2182 | D:4      | Killed Natasha
  2182 | D:4      | Reached skill level 7 in Stealth
  2268 | D:4      | Noticed Natasha
  2273 | D:4      | Killed Natasha
  2513 | D:4      | Reached skill level 8 in Stealth
  2697 | D:5      | Entered Level 5 of the Dungeon
  2719 | D:5      | Found a glowing drain.
  2779 | Sewer    | Entered a sewer
  2813 | Sewer    | Reached *** piety under Trog
  2935 | Sewer    | Reached skill level 9 in Stealth
  2988 | Sewer    | Reached XP level 8. HP: 39/48 MP: 8/8
  3156 | Sewer    | Reached skill level 5 in Fighting
  3156 | Sewer    | Reached skill level 10 in Stealth
  3404 | Sewer    | Reached skill level 11 in Stealth
  3932 | D:5      | Reached XP level 9. HP: 43/54 MP: 9/9
  3935 | D:5      | Reached skill level 12 in Stealth
  4451 | D:5      | Reached **** piety under Trog
  4455 | D:5      | Found a sacrificial altar of Ru.
  4584 | D:5      | Reached skill level 13 in Stealth
  4673 | D:5      | Found a deep blue altar of Sif Muna.
  5297 | D:6      | Found a snail-covered altar of Cheibriados.
  5304 | D:6      | Noticed Edmund
  5306 | D:6      | Reached skill level 14 in Stealth
  5312 | D:6      | Killed Edmund
  5639 | D:6      | Reached XP level 10. HP: 47/60 MP: 10/10
  5948 | D:7      | Reached skill level 15 in Stealth
  6191 | D:7      | Noticed a hill giant
  6239 | D:7      | Killed a hill giant
  6239 | D:7      | Reached skill level 16 in Stealth
  6699 | D:7      | Found a staircase to the Ecumenical Temple.
  7210 | D:8      | Noticed a three-headed hydra
  7558 | D:8      | Reached ***** piety under Trog
  7657 | D:8      | Reached skill level 17 in Stealth
  7727 | D:8      | Reached XP level 11. HP: 48/66 MP: 11/11
  7802 | D:8      | Found an oddly glowing altar of Pakellas.
  7864 | D:8      | Found an opulent altar of Gozag.
  7915 | D:8      | Noticed a deep elf mage
  7919 | D:8      | Killed a deep elf mage
  8267 | D:9      | Found a white marble altar of Elyvilon.
  8474 | D:9      | Noticed a moth of wrath
  8477 | D:9      | Found a bloodstained altar of Trog.
  8603 | D:9      | Found a basalt altar of Yredelemnul.
  8834 | D:9      | HP: 5/100 [troll (3)]
  8836 | D:9      | Reached skill level 18 in Stealth
  9402 | D:9      | Identified a scroll of acquirement
  9407 | D:10     | Entered Level 10 of the Dungeon
  9554 | D:10     | Found a staircase to the Lair.
  9612 | D:10     | Found a staircase to the Orcish Mines.
  9950 | D:10     | Noticed a hill giant
  9953 | D:10     | Killed a hill giant
 10287 | D:11     | Reached skill level 10 in Short Blades
 10428 | D:11     | Noticed Sonja
 10431 | D:11     | Killed Sonja
 10608 | D:11     | Found a flagged portal.
 10619 | Bailey   | Entered a bailey
 10644 | Bailey   | Noticed an orc warlord
 10796 | Bailey   | Received a gift from Trog
 10868 | Bailey   | Found a runed gate.
 10873 | Bailey   | Found a runed gate.
 10880 | Bailey   | Found a runed gate.
 11040 | Bailey   | Killed an orc warlord
 11040 | Bailey   | Reached skill level 19 in Stealth
 11040 | Bailey   | Reached skill level 1 in Evocations
 11222 | D:11     | Noticed a seven-headed hydra
 11227 | D:11     | Killed a seven-headed hydra
 11227 | D:11     | Reached XP level 12. HP: 75/75 MP: 11/13
 11409 | D:11     | Gained mutation: You have sharp toenails. [potion of beneficial mutation]
 11410 | D:11     | Reached XP level 13. HP: 79/79 MP: 13/17
 11426 | D:11     | Noticed Maud
 11428 | D:11     | Killed Maud
 11593 | D:11     | Noticed Josephine
 11912 | D:11     | Reached skill level 10 in Dodging
 12228 | Lair:1   | Entered Level 1 of the Lair of Beasts
 12569 | Lair:1   | Reached skill level 20 in Stealth
 12945 | Lair:1   | Noticed Urug
 12964 | Lair:1   | Killed Urug
 13253 | Lair:1   | Got a shimmering scale mail
 13635 | Lair:1   | Reached XP level 14. HP: 72/86 MP: 19/19
 13773 | Lair:1   | Identified the +1 scale mail of Supple Strength {rN+ Int+7} (You found it on level 1 of the Lair of Beasts)
 13967 | Lair:2   | Got a faintly glowing wooden ring
 14093 | Lair:2   | Found a dark tunnel.
 14705 | Lair:2   | Identified the ring of Suutanti {+Blink MR- EV+2 Slay+5} (You found it on level 2 of the Lair of Beasts)
 14867 | Lair:3   | Reached skill level 21 in Stealth
 14950 | Lair:3   | Found a labyrinth entrance.
 16380 | Lair:4   | Reached ****** piety under Trog
 16422 | Lair:4   | Found a hole to the Spider Nest.
 16995 | Lair:5   | Reached skill level 10 in Fighting
 17312 | Lair:5   | Received a gift from Trog
 17313 | Lair:5   | Got a jewelled double sword {god gift}
 17314 | Lair:5   | Identified the +6 double sword "Siw Pacsovi" {freeze, Str+3} (Trog gifted it to you on level 5 of the Lair of Beasts)
 17662 | Lair:6   | Reached skill level 22 in Stealth
 17917 | Lair:6   | Found a staircase to the Swamp.
 17979 | Lair:6   | Found a blossoming altar of Fedhas.
 18072 | Lair:6   | Reached XP level 15. HP: 82/92 MP: 20/20
 18446 | Lair:7   | Reached skill level 1 in Long Blades
 18496 | Lair:7   | Got a smoking cloak
 18497 | Lair:7   | Identified the +2 cloak of Hospitality {Stlth+} (You found it on level 7 of the Lair of Beasts)
 19326 | Lair:7   | Reached skill level 15 in Dodging
 19736 | Lair:7   | Received a gift from Trog
 20268 | Lair:8   | Entered Level 8 of the Lair of Beasts
 20313 | Lair:8   | Noticed Nahar's ghost (journeyman GrFi)
 20329 | Lair:8   | Killed Nahar's ghost
 20976 | Lair:8   | Reached skill level 5 in Long Blades
 21052 | Lair:8   | Noticed lorenzova's ghost (journeyman DECj)
 21062 | Lair:8   | Killed lorenzova's ghost
 21994 | Lair:8   | Reached XP level 16. HP: 64/97 MP: 22/22
 22703 | Lair:3   | Received a gift from Trog
 22820 | D:12     | Noticed Harold
 22834 | D:12     | Killed Harold
 22899 | D:12     | Noticed Kirke
 22901 | D:12     | Cast into level 2 of the Abyss (an ogre mage)
 22901 | Abyss:2  | Found a corrupted altar of Lugonu.
 22913 | Abyss:2  | Got a crystal spear
 22914 | Abyss:2  | Identified the cursed +1 spear "Seumadek" {pierce, +Fly} (You found it on level 2 of the Abyss)
 23071 | Abyss:2  | Noticed a lich
 23231 | Abyss:2  | Found a corrupted altar of Lugonu.
 23282 | Abyss:2  | Noticed a tentacled starspawn
 23311 | Abyss:2  | Noticed a tentacled starspawn
 23326 | Abyss:2  | Killed a tentacled starspawn
 23441 | Abyss:2  | HP: 4/97 [hell hog/fireball (8)]
 23459 | Abyss:2  | Killed from afar by a hell hog

Skill      XL: |  1  2  3  4  5  6  7  8  9 10 11 12 13 14 15 16 |
---------------+-------------------------------------------------+-----
Stealth        | 1 2 3 5 6 9 11 14 17 19 20 22 | 22.5
Fighting       | 4 5 6 8 9 10 | 10.0
Short Blades   | 5 6 7 9 10 | 10.0
Dodging        | 4 9 12 14 16 | 16.6
Evocations     | 1 6 7 8 |  8.3
Long Blades    | 6 7 |  7.2
Armour         | |  1.5

Action                   |  1- 3 |  4- 6 |  7- 9 | 10-12 | 13-15 | 16-18 || total
-------------------------+-------+-------+-------+-------+-------+-------++-------
Melee: Short sword       |    51 |       |       |       |       |       ||    51
       Dagger            |       |    83 |   314 |   503 |  1015 |       ||  1915
       Double sword      |       |       |       |       |   379 |   139 ||   518
Invok: Berserk           |     1 |     3 |     6 |    11 |    17 |       ||    38
       Trog's Hand       |       |     2 |       |     6 |    15 |     6 ||    29
       Burn Spellbooks   |       |       |     1 |     7 |     3 |       ||    11
       Brothers in Arms  |       |       |       |     2 |     4 |     2 ||     8
Evoke: Wand              |       |       |       |    13 |    86 |     8 ||   107
  Use: Scroll            |     7 |     4 |     1 |    19 |    18 |    12 ||    61
       Potion            |     1 |     1 |     4 |     3 |     9 |     4 ||    22
 Stab: Sleeping          |     5 |    15 |    42 |    47 |    74 |     6 ||   189
       Distracted        |       |       |     1 |     1 |    11 |     1 ||    14
       Confused          |       |       |       |       |    10 |     1 ||    11
       Petrified         |       |       |       |       |     1 |       ||     1
  Eat: Chunk             |     3 |     1 |    21 |    31 |    33 |       ||    89
       Meat ration       |       |     1 |       |       |     4 |       ||     5
       Royal jelly       |       |       |       |       |       |     2 ||     2
Armor: Animal skin       |     7 |       |       |       |       |       ||     7
       Leather armour    |     1 |     4 |    36 |    69 |    30 |       ||   140
       Skin              |       |     8 |       |       |       |       ||     8
       Scale mail        |       |       |       |       |   178 |    23 ||   201
Dodge: Dodged            |    28 |    34 |   133 |   278 |  1399 |   209 ||  2081
